 Dungeon Crawl Stone Soup version 0.30-a0-748-ge6a52f7cba (webtiles) character file.

Game seed: 7683138932945552326

581 Dittersdorf the Shield-Bearer (level 7, -4/44 HPs)
             Began as a Gargoyle Fighter on Feb 8, 2023.
             Killed from afar by an orc wizard (9 damage)
             ... with a puff of flame
             ... on level 5 of the Dungeon.
             The game lasted 00:05:14 (4186 turns).

Dittersdorf the Shield-Bearer (Gargoyle Fighter)    Turns: 4186, Time: 00:05:15

Health: -4/44      AC: 14    Str: 22    XL:     7   Next: 36%
Magic:  7/7        EV:  9    Int:  8    God:
Gold:   380        SH: 10    Dex:  9    Spells: 6/6 levels left

rFire   . . .      SeeInvis .    a - +0 flail
rCold   . . .      Faith    .    c - +0 buckler
rNeg    + . .      Spirit   .    b - +0 scale mail
rPois   ∞          Reflect  +    u - +0 helmet
rElec   +          Harm     .    (no cloak)
rCorr   .          Rampage  .    g - +0 pair of gloves
Will    +....                    (no boots) Stlth
                                 y - amulet of reflection
HPRegen 0.27/turn                v - ring of willpower
MPRegen 0.10/turn                e - ring of wizardry

@: no status effects
A: sickness immunity, AC +4, negative energy resistance 1, electricity
resistance, torment resistance 1, petrification resistance
a: no special abilities


You were on level 5 of the Dungeon.
You visited 1 branch of the dungeon, and saw 5 of its levels.

You collected 380 gold pieces.

Inventory:

Hand Weapons
 a - a +0 flail (weapon)
Missiles
 o - 2 poisoned darts (quivered)
 r - 2 throwing nets
Armour
 b - a +0 scale mail (worn)
 c - a +0 buckler (worn)
 g - a +0 pair of gloves (worn)
 u - a +0 helmet (worn)
Jewellery
 e - a ring of wizardry (right hand)
 v - a ring of willpower (left hand)
 y - an amulet of reflection (around neck)
Wands
 p - a wand of flame (12)
Scrolls
 f - 2 scrolls of magic mapping {unknown}
 i - a scroll of fog {unknown}
 k - a scroll of vulnerability {unknown}
 l - a scroll of teleportation {unknown}
 m - a scroll of noise {unknown}
 q - 3 scrolls of blinking {unknown}
 w - a scroll of amnesia {unknown}
 A - a scroll of enchant armour
Potions
 d - 2 potions of might
 h - 4 potions of heal wounds
 j - a potion of haste
 n - a potion of flight
 x - a potion of mutation


   Skills:
 + Level 5.2 Fighting
 + Level 4.2 Maces & Flails
 + Level 5.2 Armour
 + Level 5.4 Shields


You had 6 spell levels left.
You didn't know any spells.
Your spell library contained the following spells:

 Spells                   Type           Power      Damage    Failure   Level
 Blink                    Tloc           0%         N/A       61%         2
 Portal Projectile        Hex/Tloc       0%         N/A       82%         3
 Tukima's Dance           Hex            0%         N/A       82%         3
 Manifold Assault         Tloc           0%         N/A       99%         4
 Blade Hands              Tmut           0%         N/A       100%        5
 Storm Form               Tmut/Air       0%         N/A       100%        7


Dungeon Overview and Level Annotations

Branches:
Dungeon (5/15)
 Temple: D:4-7

Altars:
Cheibriados
Elyvilon
Gozag
Yredelemnul
The Shining One

Shops:
D:4 ?

Annotations:
D:5 1 runed translucent door, Crazy Yiuf


Innate Abilities, Weirdness & Mutations

You are immune to sickness and miasma.
Your stone body is resilient. (AC +4)
You are immune to poison.
You resist negative energy. (rN+)
You are resistant to electric shocks. (rElec)
You are resistant to unholy torment.
You are immune to petrification.


Message History

The orc priest is severely wounded.
The iguana bites you.
* * * LOW HITPOINT WARNING * * *
The gnoll hits your black bear with a +0 whip.
Your ufetubus hits the iguana but does no damage.
Your ufetubus barely misses the iguana.
The orc priest hits you with a +0 flail.
* * * LOW HITPOINT WARNING * * *
You hear some strange, mumbled words.
A magic dart appears from out of thin air!
The magic dart hits you.
* * * LOW HITPOINT WARNING * * *
You block the adder's attack.
Your white imp completely misses the gnoll.
Your black bear bites the gnoll.
Your black bear splashes around in the water.
Your black bear claws the gnoll.
The gnoll dies!
The gnoll's corpse dissolves into shadows!
The gnoll hits you but does no damage. You block the iguana's attack.
You hear some strange, mumbled words.
A puff of flame appears from out of thin air!
The puff of flame hits you but does no damage.
Your ufetubus hits the iguana but does no damage. x2
The orc priest looks satisfied for a moment.
You hit the orc priest.
You kill the orc priest!
You hear a splash. x2
The iguana dissolves into shadows!
The gnoll dissolves into shadows! x2
The adder dissolves into shadows!
Your white imp gestures at the orc.
The puff of frost hits the orc!
The orc dies!
You hear a splash. x2
The orc wizard mumbles some strange words.
The orc wizard flickers and vanishes!
You hear some strange, mumbled words.
A puff of flame appears from out of thin air!
The puff of flame hits you!
You die...

...####.# #......# #...# #. .###
#.# #......##### #...# #. ...#
#.# #######.....##########.
...####.###...........~..........
.#.)[)...##.###........##########
.#.####..##.# ##~..~~.## #.. .#.#
#..##.## #......# #.. .#.#
#......###{######## #..
.#.####.###....5@)o...~~#### #..
<#.##...# ##...h)....{~....# ###
.#.####.##≈≈≈≈~5~~~~~~~~≈≈≈≈≈
........#≈≈≈≈≈~~≈~~≈~≈≈~≈≈≈≈#
#########≈##~..~...~~..~~..##
.......#≈≈###.....~.~.~~~....
....#######.##~.~......~..#..
......'.....#########....?# .
....###.....# #.....#


You could see an orc wizard (ally target), a friendly black bear (summoned), a
friendly white imp (summoned) and a friendly ufetubus (summoned).

Vanquished Creatures
  3 scorpions
  A jelly (D:4)
  A hound (D:4)
  An orc priest (D:5)
  4 iguanas
  2 orc wizards
  6 adders
  3 ufetubi
  4 worms
  2 dart slugs (D:4)
  17 orcs
  5 ball pythons
  3 bats
  8 endoplasms
  5 giant cockroaches
  6 goblins
  5 hobgoblins
  7 kobolds
  3 quokkas
  4 frilled lizards
  6 rats
96 creatures vanquished.

Vanquished Creatures (collateral kills)
  2 orcs (D:5)
2 creatures vanquished.

Grand Total: 98 creatures vanquished

Notes
Turn   | Place    | Note
-------+----------+-------------------------------------------
     0 | D:1      | Dittersdorf the Gargoyle Fighter began the quest for the
                  | Orb.
     0 | D:1      | Reached XP level 1. HP: 14/14 MP: 1/1
   285 | D:1      | Reached XP level 2. HP: 19/19 MP: 2/2
   673 | D:2      | Reached XP level 3. HP: 23/24 MP: 3/3
   962 | D:2      | Reached XP level 4. HP: 27/29 MP: 4/4
  1498 | D:3      | You fall into a shaft and drop 1 floor!
  1498 | D:4      | Found a basalt altar of Yredelemnul.
  1499 | D:4      | yay!
  1542 | D:3      | Found a snail-covered altar of Cheibriados.
  2397 | D:4      | Found Tesuv's Magic Scroll Shop.
  2438 | D:4      | Reached XP level 5. HP: 33/33 MP: 5/5
  2796 | D:4      | Reached XP level 6. HP: 17/39 MP: 6/6
  3160 | D:4      | Found a white marble altar of Elyvilon.
  3431 | D:4      | Identified the +3 falchion "Uzorin" {pain, rF+ Int+4}
  3545 | D:5      | Entered Level 5 of the Dungeon
  3563 | D:5      | Reached skill level 5 in Shields
  3572 | D:5      | Identified the +0 ring mail "Waxah" {Rampage rC+}
  3579 | D:5      | Reached skill level 5 in Fighting
  3579 | D:5      | Reached skill level 5 in Armour
  3579 | D:5      | Reached XP level 7. HP: 44/44 MP: 7/7
  3763 | D:5      | Found an opulent altar of Gozag.
  3942 | D:5      | Found a glowing golden altar of the Shining One.
  4074 | D:5      | Found a runed translucent door.
  4075 | D:5      | Noticed Crazy Yiuf
  4186 | D:5      | Killed from afar by an orc wizard

Illustrated notes

#######
#######$....###
...............
♣.@.♣
#...........
#....>..#....
.....####...###
..... ...# ....
...# ... ..#
### #.#


Turn 1499 on D:4: yay!

Levels and vault maps discovered:
D:1:      grunt_arrival_lava_bath, layout_basic, serial_park_tiny_pond
D:2:      layout_basic, glass_columns_a
D:3:      layout_loops_ring, mainiacjoe_overflow_alcove_1
D:4:      kb_forest_paths, layout_basic, amcnicky_altar_gilded,
          mainiacjoe_overflow_tiny_flanked, serial_shops, shop
D:5:      layout_basic, nicolae_overflow_crystal_walls,
          nicolae_gozag_cash_rules_everything_around_me, jmf_multi_god_temple2,
          serial_rivers, chequers_serial_rivers_micro_c,
          chequers_serial_rivers_micro_b, chequers_serial_rivers_small_a,
          chequers_serial_rivers_small_3, chequers_serial_rivers_room_a,
          uniq_crazy_yiuf_cottage

Skill      XL: |  1  2  3  4  5  6  7 |
---------------+----------------------+-----
Shields        | 4 5 |  5.4
Armour         | 4 5 |  5.2
Fighting       | 4 5 |  5.2
Maces & Flails | 3 4 |  4.2

Action                     |  1- 3 |  4- 6 |  7- 9 || total
---------------------------+-------+-------+-------++-------
  Melee: Flail             |   104 |   233 |    67 ||   404
    Use: Scroll            |       |     7 |     1 ||     8
 Armour: Scale mail        |    70 |   110 |    48 ||   228
  Dodge: Dodged            |    52 |    95 |    40 ||   187
  Block: Buckler           |    18 |   117 |    42 ||   177
         Reflection        |       |     6 |     1 ||     7

Table legend: (Time is in decaauts)
 A = Elapsed time spent in this place.
 B = Non-inter-level travel time spent in this place.
 C = Inter-level travel time spent in this place.
 D = Time resting spent in this place.
 E = Time spent auto-exploring this place.
 F = Levels seen in this place.
 G = Mean time per level.
                   A        B        C        D        E       F      G
               +--------+--------+--------+--------+--------+-----+--------+
         Total |   4308 |   4198 |    110 |    184 |   3115 |   5 |  861.6 |
       Dungeon |   4308 |   4198 |    110 |    184 |   3115 |   5 |  861.6 |
               +--------+--------+--------+--------+--------+-----+--------+

Top non-repeatable levels by time:
     D:4: 1212 daAuts
     D:2: 1025 daAuts
     D:3: 731 daAuts
     D:1: 674 daAuts
     D:5: 665 daAuts
